 Dungeon Crawl Stone Soup version 0.23.2-1-ga50397a (webtiles) character file.

Game seed: 3384562754926362004

102 sanboga the Skirmisher (level 4, -3/43 HPs)
             Began as a Gargoyle Berserker on May 20, 2019.
             Was a Believer of Trog.
             Slain by a gnoll
             ... wielding a +0 spear
              (7 damage)
             ... on level 2 of the Dungeon.
             The game lasted 00:01:49 (1341 turns).

sanboga the Skirmisher (Gargoyle Berserker)         Turns: 1341, Time: 00:01:50

Health: -3/43      AC:  5    Str: 27    XL:     4   Next: 78%
Magic:  4/4        EV: 12    Int:  7    God:    Trog [**....]
Gold:   66         SH:  0    Dex:  9    Spells: 3/3 levels left

rFire    . . .     SeeInvis .   a - +0 hand axe
rCold    . . .     Gourm    .   (no shield)
rNeg     + . .     Faith    .   b - +0 animal skin
rPois    ∞         Spirit   .   (no helmet)
rElec    +         Reflect  .   (no cloak)
rCorr    .         Harm     .   (no gloves)
MR       .....                  (no boots)
Stlth    ..........             (no amulet)
HPRegen  0.14/turn              d - ring of flight
MPRegen  0.09/turn              (no ring)

@: berserking, very quick
A: negative energy resistance 1, electricity resistance, unbreathing,
petrification resistance, rot immunity, AC +3
a: Berserk, Trog's Hand, Renounce Religion, Evoke Flight


You were on level 2 of the Dungeon.
You worshipped Trog.
Trog was pleased with you.
You were very hungry.

You visited 1 branch of the dungeon, and saw 2 of its levels.

You collected 66 gold pieces.

Inventory:

Hand Weapons
 a - a +0 hand axe (weapon)
Armour
 b - a +0 animal skin (worn)
Jewellery
 d - a ring of flight (left hand)
 e - an uncursed amulet of faith {unknown}
Wands
 h - a wand of polymorph (8)
Scrolls
 f - a scroll of blinking
Potions
 i - a potion of haste {unknown}
Comestibles
 c - 3 rations
 g - 3 chunks of flesh


   Skills:
 + Level 4.1 Fighting
 * Level 3.9 Axes
 + Level 3.2 Armour
 - Level 1.5 Dodging


You had 3 spell levels left.
You didn't know any spells.
Your spell library was empty.

Dungeon Overview and Level Annotations

Branches:
Dungeon (2/15)

Altars:
Elyvilon
Hepliaklqana
Makhleb
Okawaru


Innate Abilities, Weirdness & Mutations

You are resistant to torment.
Your stone body is resilient. (AC +3)
You are immune to poison.
You resist negative energy. (rN+)
You are resistant to electric shocks. (rElec)
You can survive without breathing.
You are immune to petrification.
You are immune to rotting.


Message History

You struggle against the net.
You struggle against the net.
You rip the net and break free!
The gnoll barely misses you. The gnoll hits you but does no damage.
The gnoll hits you from afar with a +0 spear!
The gnoll barely misses you.
A red film seems to cover your vision as you go berserk!
You feel yourself moving faster!
You feel mighty!
You are feeling very hungry.
The gnoll hits you with a +0 spear.
The gnoll hits you from afar with a +0 spear.
The gnoll hits you with a +0 club.
* * * LOW HITPOINT WARNING * * *
You slash the gnoll!
The gnoll is severely wounded.
You barely miss the gnoll. x2; The gnoll hits you with a +0 spear!
* * * LOW HITPOINT WARNING * * *
The gnoll hits you from afar with a +0 spear!
You die...

#.# ..# #.# #######.#
#########.......##
#.........###÷...#
#.###.........# #....#
#......g......###....#
#####.(g@....#.......#
#.....g.g............#
....%###########....####
#.#. #.............#####
# #...........#.##...
#..........#...#.<.
#.........#.##.#...
############.###.#.#...
#.............#.#.####.


You could see 4 gnolls.

Vanquished Creatures
  4 gnolls (D:2)
  2 adders (D:2)
  A worm (D:2)
  2 dart slugs (D:1)
  3 leopard geckos
  A giant cockroach (D:2)
  4 goblins
  3 hobgoblins (D:1)
  8 kobolds
  A quokka (D:2)
  5 bats
  3 frilled lizards (D:2)
  3 rats
40 creatures vanquished.

Notes
Turn   | Place    | Note
-------+----------+-------------------------------------------
     0 | D:1      | sanboga the Gargoyle Berserker began the quest for the Orb.
     0 | D:1      | Reached XP level 1. HP: 14/14 MP: 1/1
    76 | D:1      | Reached XP level 2. HP: 19/19 MP: 2/2
   462 | D:1      | Reached XP level 3. HP: 23/23 MP: 3/3
   794 | D:2      | Found a hazy altar of Hepliaklqana.
   806 | D:2      | Reached XP level 4. HP: 4/29 MP: 4/4
  1140 | D:2      | Reached skill level 4 in Fighting
  1165 | D:2      | Found a burning altar of Makhleb.
  1166 | D:2      | Found an iron altar of Okawaru.
  1167 | D:2      | Found a white marble altar of Elyvilon.
  1226 | D:2      | Reached ** piety under Trog
  1341 | D:2      | Slain by a gnoll

Skill      XL: |  1  2  3  4 |
---------------+-------------+-----
Axes           | 3 |  3.9
Armour         | 3 |  3.2
Fighting       | 4 |  4.1
Dodging        | |  1.5

Action                   |  1- 3 |  4- 6 || total
-------------------------+-------+-------++-------
Melee: Hand axe          |    57 |    57 ||   114
Invok: Berserk           |     2 |     1 ||     3
  Use: Scroll            |     5 |       ||     5
 Stab: Sleeping          |     1 |       ||     1
  Eat: Chunk             |     1 |     2 ||     3
Armor: Animal skin       |    17 |    32 ||    49
Dodge: Dodged            |    46 |    51 ||    97
